 Dungeon Crawl Stone Soup version 0.27-a0-1456-gf5a116941d (webtiles) character file.

Game seed: 17623763020989278254

6783 wesbby the Slicer (level 10, -4/86 HPs)
             Began as a Minotaur Hunter on July 6, 2021.
             Was a High Priest of the Shining One.
             Killed by divine providence
             ... invoked by an orc priest
              (12 damage)
             ... on level 11 of the Dungeon.
             The game lasted 00:25:58 (8236 turns).

wesbby the Slicer (Minotaur Hunter)                 Turns: 8236, Time: 00:25:59

Health: -4/86      AC: 11    Str: 18    XL:     10   Next: 76%
Magic:  9/9        EV: 13    Int:  5    God:    the Shining One [*****.]
Gold:   1084       SH:  4    Dex: 13    Spells: 9/9 levels left

rFire    + . .     SeeInvis +   x - +1 rapier (speed)
rCold    . . .     Faith    .   y - +0 buckler
rNeg     + + .     Spirit   .   F - +5 ring mail {rF+}
rPois    .         Reflect  .   (helmet restricted)
rElec    .         Harm     .   (no cloak)
rCorr    .         Rampage  .   (no gloves)
Will     .....                  (no boots)
Stlth    +.........             m - amulet of regeneration
HPRegen  1.24/turn              D - ring "Niticint" {+Blink Fly Int-3 SInv}
MPRegen  0.11/turn              (no ring)

@: brilliant, flying, glowing, studying Dodging
A: horns 2, retaliatory headbutt
a: Renounce Religion, Evoke Blink, Divine Shield, Cleansing Flame, Summon Divine
Warrior


You were on level 11 of the Dungeon.
You worshipped the Shining One.
The Shining One was extremely pleased with you.
You visited 1 branch of the dungeon, and saw 11 of its levels.
You also visited: Sewer.

You collected 1497 gold pieces.
You spent 413 gold pieces at shops.

Inventory:

Hand Weapons
 a - a +1 shortbow
 b - a +0 short sword
 x - a +1 rapier of speed (weapon)
Missiles
 o - 70 arrows
Armour
 c - a +0 leather armour
 e - a +0 plate armour
 h - +0 steam dragon scales
 y - a +0 buckler (worn)
 C - a +0 scale mail
 F - a +5 ring mail of fire resistance (worn)
Jewellery
 d - an amulet of faith
 j - a ring of poison resistance
 m - an amulet of regeneration (around neck)
 z - a ring of see invisible
 D - the ring "Niticint" (left hand) {+Blink Fly Int-3 SInv}
   (You bought it in a shop on level 6 of the Dungeon)

   [ring of flight]

   Int:       It affects your intelligence (-3).
   SInv:      It lets you see invisible.
   Fly:       It grants you flight.
   +Blink:    It lets you blink.
Wands
 l - a wand of mindburst (8)
 A - a wand of iceblast (16)
 B - a wand of flame (24)
 G - a wand of charming (8)
Scrolls
 k - a scroll of identify
 p - 2 scrolls of enchant armour
Potions
 f - 2 potions of brilliance
 g - 4 potions of flight
 i - 8 potions of curing
 q - a potion of might
 s - a potion of degeneration {unknown}
 t - a potion of mutation {unknown}
 u - 4 potions of attraction
 v - a potion of ambrosia {unknown}
 w - a potion of resistance
 H - a potion of lignification {unknown}
Miscellaneous
 E - a condenser vane


   Skills:
 * Level 7.4 Fighting
 * Level 10.7 Short Blades
 * Level 9.0 Bows
 * Level 8.6 Armour
 * Level 7.1 Dodging
 + Level 1.1 Stealth
 + Level 2.2 Shields
 + Level 0.1 Invocations


You had 9 spell levels left.
You didn't know any spells.
Your spell library contained the following spells:

 Spells                   Type           Power      Damage    Failure   Level
 Corona                   Hex            0%         N/A       71%         1
 Sting                    Tmut/Pois      0%         1d3       71%         1
 Blink                    Tloc           N/A        N/A       85%         2
 Ensorcelled Hibernation  Hex/Ice        0%         N/A       85%         2
 Poisonous Vapours        Pois/Air       0%         N/A       85%         2
 Sublimation of Blood     Necr           0%         N/A       85%         2
 Wereblood                Tmut           0%         N/A       85%         2
 Call Canine Familiar     Summ           0%         N/A       97%         3
 Conjure Flame            Conj/Fire      0%         6-21      97%         3
 Gell's Gravitas          Tloc           0%         N/A       97%         3
 Ignite Poison            Fire/Tmut/Pois 0%         N/A       97%         3
 Portal Projectile        Hex/Tloc       0%         N/A       97%         3
 Stone Arrow              Conj/Erth      0%         3d7       97%         3
 Teleport Other           Tloc           0%         N/A       97%         3
 Tukima's Dance           Hex            0%         N/A       97%         3
 Leda's Liquefaction      Hex/Erth       0%         N/A       100%        4
 Olgreb's Toxic Radiance  Pois           0%         N/A       100%        4
 Sticky Flame             Conj/Fire      0%         2d3       100%        4
 Bolt of Magma            Conj/Fire/Erth 0%         4d4       100%        5
 Freezing Cloud           Conj/Ice/Air   0%         6-21      100%        5
 Manifold Assault         Tloc           0%         N/A       100%        5
 Dispersal                Tloc           0%         N/A       100%        6
 Simulacrum               Ice/Necr       0%         N/A       100%        6
 Storm Form               Tmut/Air       0%         N/A       100%        7
 Summon Hydra             Summ           0%         N/A       100%        7
 Polar Vortex             Ice            0%         N/A       100%        9
 Shatter                  Erth           0%         3d5*      100%        9


Dungeon Overview and Level Annotations

Branches:
Dungeon (11/15)            Temple (0/1) D:4           Sewer (visited)
   Lair: D:8-11         Orc: D:9-12

Altars:
Gozag
Nemelex Xobeh
Ru
Vehumet
Xom
Yredelemnul
The Shining One

Shops:
D:5 *   D:6 =

Portals:
Trove: D:10 (give +3 shadow dragon scales)


Innate Abilities, Weirdness & Mutations

You have a pair of horns on your head.
You reflexively headbutt those who attack you in melee.


Message History

The orc warrior barely misses you.
The orc priest calls upon Beogh to heal the orc warrior.
The orc warrior is healed somewhat.
You feel less confused.
The orc priest mumbles some strange prayers to Beogh against you.
Beogh smites you!
* * * LOW HITPOINT WARNING * * *
The orc warrior hits you with a +0 morningstar of holy wrath.
* * * LOW HITPOINT WARNING * * *
The orc priest casts a cantrip, but nothing happens.
The orc wizard hits you with a +0 dagger.
* * * LOW HITPOINT WARNING * * *
You feel much better.
The orc warrior hits you with a +0 morningstar of holy wrath!
The orc wizard gestures at you while chanting.
You are confused.
The orc warrior misses you.
You bump into the rock wall.
You feel yourself speed up. The orc wizard closely misses you.
The orc warrior hits you with a +0 morningstar of holy wrath!
* * * LOW HITPOINT WARNING * * *
The orc wizard misses you.
You feel clever all of a sudden.
The orc warrior hits you but does no damage.
The orc priest hits you with a +0 flail.
* * * LOW HITPOINT WARNING * * *
Okay, then.
You are too confused!
You are too confused!
You're too confused to move!
You feel less confused.
The orc priest invokes the aid of Beogh against you.
Beogh smites you!
* * * LOW HITPOINT WARNING * * *
The orc priest looks braver for a moment.
You block the orc wizard's attack.
The orc priest mumbles some strange prayers to Beogh against you.
Beogh smites you!
You die...

#....##........##.
#..................
##.....<..##........
...................
...................
####...#........# #
#............###.+
####....)...#o......#
............oooo@...#
.##+#################


You could see an orc warrior, 2 orc priests, an orc wizard (invisible) and an
orc.

Vanquished Creatures
  2 deep elf pyromancers (D:9)
  Pikel (D:5)
  Maggie (D:7)
  A troll (D:10)
  A hornet (D:11)
  Sigmund (D:3)
  A wraith (D:10)
  4 yaks (D:8)
  A vampire mosquito (D:9)
  Edmund (D:5)
  A water moccasin (D:7)
  Duvessa (D:7)
  An orc warrior (D:6)
  An ice beast (D:8)
  A sky beast (D:6)
  A black bear (D:6)
  3 necrophages
  3 centaurs
  A lemure (D:5)
  A kobold brigand (Sewer)
  A phantom (D:5)
  3 bullfrogs
  2 scorpions
  Dowan (D:7)
  A wyvern skeleton (D:7)
  2 water moccasin zombies (D:6)
  9 killer bees
  13 wights
  4 howler monkeys
  A bullfrog zombie (D:5)
  2 centaur zombies
  3 hounds
  3 jellies
  A gnoll shaman (D:5)
  A centaur skeleton (D:5)
  Jessica (D:3)
  An iguana (D:5)
  Ijyb (D:5)
  An orc wizard (D:8)
  3 killer bee zombies
  A hound skeleton (D:5)
  4 gnolls (D:5)
  A howler monkey skeleton (D:7)
  12 adders
  6 river rats (Sewer)
  4 ufetubi
  3 worms
  2 dart slugs
  30 orcs
  3 endoplasms
  A giant cockroach (D:1)
  5 hobgoblins
  13 jackals (D:2)
  4 quokkas
  14 ball pythons
  5 bats
  8 frilled lizards
  8 goblins
  17 kobolds
  26 rats
249 creatures vanquished.

Vanquished Creatures (others)
  An unseen horror (D:6)
  An ogre (D:6)
  A hound (D:6)
  A centaur skeleton (D:6)
4 creatures vanquished.

Grand Total: 253 creatures vanquished

Notes
Turn   | Place    | Note
-------+----------+-------------------------------------------
     0 | D:1      | wesbby the Minotaur Hunter began the quest for the Orb.
     0 | D:1      | Reached XP level 1. HP: 18/18 MP: 0/0
   240 | D:1      | Reached XP level 2. HP: 25/25 MP: 1/1
   345 | D:1      | Reached skill level 5 in Bows
   383 | D:1      | Found a faded altar of an unknown god.
   392 | D:1      | Became a worshipper of the Shining One
   392 | D:1      | Reached * piety under the Shining One
   531 | D:2      | Reached XP level 3. HP: 26/30 MP: 2/2
   743 | D:2      | Reached XP level 4. HP: 37/37 MP: 3/3
   783 | D:2      | Noticed a scorpion
   791 | D:2      | Killed a scorpion
  1213 | D:2      | Reached XP level 5. HP: 45/45 MP: 4/4
  1470 | D:3      | Noticed Jessica
  1474 | D:3      | Killed Jessica
  1581 | D:3      | Reached skill level 1 in Armour
  1636 | D:3      | Reached ** piety under the Shining One
  1912 | D:3      | Found a glowing drain.
  1992 | Sewer    | Entered a sewer
  2185 | Sewer    | Reached skill level 1 in Short Blades
  2192 | Sewer    | Reached XP level 6. HP: 51/51 MP: 5/5
  2529 | D:3      | Found a sparkling altar of Nemelex Xobeh.
  2558 | D:3      | Noticed Sigmund
  2580 | D:3      | Reached skill level 2 in Short Blades
  2597 | D:3      | Killed Sigmund
  2598 | D:3      | Reached XP level 7. HP: 27/58 MP: 2/6
  2662 | D:3      | Reached skill level 3 in Short Blades
  3160 | D:4      | Found a staircase to the Ecumenical Temple.
  3308 | D:4      | Reached skill level 4 in Short Blades
  3341 | D:4      | Found a sacrificial altar of Ru.
  3439 | D:4      | Reached *** piety under the Shining One
  3600 | D:5      | Entered Level 5 of the Dungeon
  3660 | D:5      | Noticed Pikel
  3678 | D:5      | Killed Pikel
  3679 | D:5      | Reached skill level 5 in Short Blades
  3679 | D:5      | Reached skill level 5 in Armour
  3679 | D:5      | Reached XP level 8. HP: 29/67 MP: 7/7
  3870 | D:5      | Reached skill level 6 in Short Blades
  4007 | D:5      | Reached skill level 5 in Fighting
  4060 | D:5      | Found an opulent altar of Gozag.
  4062 | D:5      | Noticed Ijyb
  4064 | D:5      | Noticed Edmund
  4079 | D:5      | Killed Ijyb
  4098 | D:5      | Killed Edmund
  4218 | D:5      | Found Ikloem's Assorted Antiques.
  4221 | D:5      | Bought a scale mail for 72 gold pieces
  4221 | D:5      | Bought a scroll labelled CIKHOARGHYFF for 18 gold pieces
  4227 | D:5      | Acquired 1110 gold pieces
  4666 | D:6      | Killed an unseen horror
  4698 | D:6      | Reached skill level 7 in Short Blades
  4736 | D:6      | Found a shimmering altar of Xom.
  4751 | D:6      | Reached skill level 1 in Shields
  4751 | D:6      | Reached XP level 9. HP: 74/74 MP: 8/8
  5168 | D:6      | Found Atemoshy's Jewellery Shop.
  5241 | D:7      | Reached **** piety under the Shining One
  5305 | D:7      | Reached skill level 5 in Dodging
  5345 | D:7      | Noticed Dowan
  5347 | D:7      | Noticed Duvessa
  5371 | D:7      | Killed Duvessa
  5381 | D:7      | Killed Dowan
  5382 | D:7      | Reached skill level 8 in Short Blades
  5430 | D:7      | Noticed Maggie
  5448 | D:7      | Killed Maggie
  5598 | D:7      | Found a radiant altar of Vehumet.
  5747 | D:7      | Found a basalt altar of Yredelemnul.
  6226 | D:6      | Reached skill level 9 in Short Blades
  6293 | D:6      | Bought the ring "Niticint" {+Blink Fly Int-3 SInv} for 323
                  | gold pieces
  6896 | D:8      | Reached XP level 10. HP: 73/84 MP: 9/9
  7413 | D:9      | Noticed a boulder beetle
  7413 | D:9      | Noticed a deep elf pyromancer
  7780 | D:9      | Reached ***** piety under the Shining One
  7809 | D:9      | Reached skill level 10 in Short Blades
  7819 | D:9      | Killed a deep elf pyromancer
  7820 | D:9      | Reached skill level 1 in Stealth
  7826 | D:9      | Noticed a deep elf pyromancer
  7839 | D:9      | Killed a deep elf pyromancer
  7944 | D:10     | Entered Level 10 of the Dungeon
  8058 | D:10     | Found a portal to a secret trove of treasure.
  8196 | D:10     | You are sucked into a shaft and drop 1 floor!
  8201 | D:10     | Noticed a gargoyle
  8214 | D:11     | Paralysed by a hornet for 1 turns
  8236 | D:11     | Killed from afar by an orc priest

Illustrated notes

Levels and vault maps discovered:
D:1:      wander_arrival_fairy_ring, layout_rooms,
          ebering_ecumenical_altar_abandoned, eino_curves_02,
          minmay_tromino_v4_c
D:2:      layout_loops_ring
D:3:      layout_basic, general_overflow_altar, cheibrodos_sewer_entry_drain,
          interstate_on_off, wad_floor_pattern_1, uniq_sigmund, uniq_jessica
D:4:      layout_gridville, kennysheep_mini_moat, minmay_temple_entry_grid
D:5:      layout_loops_ring, amcnicky_altar_gilded, serial_shops,
          nicolae_shop_behind_doors, uniq_edmund, uniq_ijyb, uniq_pikel
D:6:      layout_basic, xom_confusion_cloud, serial_shops, shop,
          nicolae_underground_beach
D:7:      layout_rooms, kennysheep_little_box, kennysheep_mini, uniq_duvessa,
          uniq_maggie
D:8:      layout_basic, minmay_manual_maat
D:9:      layout_grid_maze, orc_david_3, minivault_28
D:10:     layout_basic, nicolae_trove_entry_diagonal
D:11:     layout_stronghold, erik_lair_orcish_takeover, uniq_erolcha

Skill      XL: |  1  2  3  4  5  6  7  8  9 10 |
---------------+-------------------------------+-----
Bows           | 5 6 7 8 9 |  9.0
Fighting       | 3 4 5 6 7 |  7.4
Armour         | 1 3 5 6 7 8 |  8.6
Short Blades   | 1 2 5 7 9 10 | 10.7
Dodging        | 3 4 5 7 |  7.1
Shields        | 1 2 |  2.2
Stealth        | 1 |  1.1
Invocations    | |  0.1

Action                   |  1- 3 |  4- 6 |  7- 9 | 10-12 || total
-------------------------+-------+-------+-------+-------++-------
Melee: Short sword       |       |   188 |    49 |       ||   237
       Headbutt          |       |    34 |   101 |    59 ||   194
       Rapier            |       |       |   423 |   235 ||   658
 Fire: Shortbow          |    93 |    68 |       |       ||   161
Invok: Divine Shield     |       |     1 |       |       ||     1
       Cleansing Flame   |       |       |       |     1 ||     1
 Abil: Evoke Blink       |       |       |       |     3 ||     3
  Use: Scroll            |     2 |     3 |     9 |     7 ||    21
       Potion            |       |       |     1 |    13 ||    14
Armor: Plate armour      |    28 |   208 |   162 |       ||   398
       Ring mail         |       |       |    21 |    57 ||    78
Dodge: Dodged            |     9 |    67 |   126 |   101 ||   303
Block: Other             |       |     3 |       |       ||     3
       Buckler           |       |       |    45 |    32 ||    77

Table legend: (Time is in decaauts)
 A = Elapsed time spent in this place.
 B = Non-inter-level travel time spent in this place.
 C = Inter-level travel time spent in this place.
 D = Time resting spent in this place.
 E = Time spent auto-exploring this place.
 F = Levels seen in this place.
 G = Mean time per level.
                   A        B        C        D        E       F      G
               +--------+--------+--------+--------+--------+-----+--------+
         Total |   7999 |   6882 |   1117 |    176 |   4701 |  12 |  666.6 |
       Dungeon |   7554 |   6437 |   1117 |    176 |   4701 |  11 |  686.7 |
         Sewer |    445 |    445 |      0 |      0 |      0 |   1 |  445.0 |
               +--------+--------+--------+--------+--------+-----+--------+

Top non-repeatable levels by time:
     D:3: 1088 daAuts
     D:5: 1012 daAuts
     D:8: 989 daAuts
     D:6: 962 daAuts
     D:2: 954 daAuts
     D:7: 723 daAuts
     D:4: 612 daAuts
     D:1: 511 daAuts
   Sewer: 445 daAuts
     D:9: 411 daAuts
    D:10: 245 daAuts
    D:11: 44 daAuts
